 Dungeon Crawl Stone Soup version 0.31.0-11-ge490571c62 (webtiles) character file.

Game seed: 9235387826168655702

67 qw the Shooter (level 3, -4/20 HPs)
             Began as a Deep Elf Hunter on Feb 3, 2024.
             Slain by a gnoll
             ... wielding a +0 flail
              (8 damage)
             ... on level 2 of the Dungeon.
             The game lasted 00:00:07 (1190 turns).

qw the Shooter (Deep Elf Hunter)                    Turns: 1190, Time: 00:00:07

Health: -4/20      AC:  5    Str: 10    XL:     3   Next: 98%
Magic:  5/5        EV: 11    Int: 13    God:
Gold:   94         SH:  0    Dex: 18    Spells: 2/2 levels left

rFire   . . .        a - +0 shortbow
rCold   . . .        (shield currently unavailable)
rNeg    . . .        d - +0 ring mail
rPois   .            (no helmet)
rElec   .            (no cloak)
rCorr   .            (no gloves)
SInv    .            (no boots)
Will    .....        (no amulet)
Stlth   +            (no ring)
HPRegen 0.23/turn    (no ring)
MPRegen 0.09/turn

%: no passive effects
@: no status effects
A: no striking features
a: no special abilities


You were on level 2 of the Dungeon.
You visited 1 branch of the dungeon, and saw 2 of its levels.

You collected 94 gold pieces.


   Skills:
 - Level 1.5 Fighting
 + Level 7.4 Ranged Weapons
 - Level 2.4 Dodging
 - Level 1.2 Stealth


You had 2 spell levels left.
You didn't know any spells.
Your spell library was empty.

Inventory:

Hand Weapons
 a - a +0 shortbow (weapon)
Armour
 d - a +0 ring mail (worn)
Scrolls
 g - a scroll of teleportation {unknown}
Potions
 b - a potion of curing {unknown}
 c - 2 potions of brilliance {unknown}
 e - a potion of heal wounds {unknown}
 f - a potion of lignification {unknown}

Dungeon Overview and Level Annotations

Branches:
Dungeon (2/15)

Altars:


Message History

Enter note:
Enter note:
1182 ||| RETREEEEATING.
The jackal bites you but does no damage.
The jackal barely misses you.
The jackal bites you but does no damage.
Enter note:
Enter note:
1183 ||| RETREEEEATING.
The jackal bites you but does no damage.
The jackal barely misses you.
Enter note:
Enter note:
1184 ||| RETREEEEATING.
You shoot an arrow. The arrow closely misses the jackal.
The arrow hits the jackal.
You kill the jackal!
The jackal closely misses you.
The jackal bites you but does no damage.
You shoot an arrow. The arrow barely misses the jackal.
The arrow hits the jackal!
You kill the jackal!
The gnoll hits you from afar with a +0 spear.
The jackal misses you.
You shoot an arrow. The arrow hits the jackal!
You kill the jackal!
The gnoll hits you from afar with a +0 spear.
The gnoll barely misses you.
Enter note:
Enter note:
1188 ||| RETREEEEATING.
The gnoll attacks as it pursues you! The gnoll hits you with a +0 flail.
You shoot an arrow. The arrow hits the gnoll.
The gnoll is moderately wounded.
The gnoll barely misses you.
You shoot an arrow. The arrow hits the gnoll.
The gnoll is almost dead.
The gnoll hits you from afar with a +0 spear!
The gnoll hits you with a +0 flail!
You die...

######.##.# ######.##.#
###.......#.#####
.................
##.......#......
#..(....######.
#....)..# ##
##########.......# #
.......@ggg......#######
##########.......#......
#.......#......
.........#......
......#####......
........# #..%...
.g......# #######
[.......# # #


You could see 3 gnolls.

Vanquished Creatures
  A gnoll (D:1)
  An adder (D:2)
  2 dart slugs (D:1)
  6 endoplasms
  2 giant cockroaches
  2 goblins
  3 jackals (D:2)
  7 kobolds
  A quokka (D:1)
  6 ball pythons
  5 bats
  4 rats
40 creatures vanquished.

Notes
Turn   | Place    | Note
-------+----------+-------------------------------------------
     0 | D:1      | qw the Deep Elf Hunter began the quest for the Orb.
     0 | D:1      | Reached XP level 1. HP: 12/12 MP: 3/3
     0 | D:1      | 0 ||| qw: Version: 0.3-a-155-g5e7d8dd
     0 | D:1      | 0 ||| qw: Game counter: 3241
     0 | D:1      | 0 ||| qw: Melee chars always use a shield: true
     0 | D:1      | 0 ||| qw: God list: Okawaru
     0 | D:1      | 0 ||| qw: Allow faded altars: false
     0 | D:1      | 0 ||| qw: Do Orc after clearing Dungeon:15 true
     0 | D:1      | 0 ||| qw: Do second Lair branch before Depths: true
     0 | D:1      | 0 ||| qw: Lair rune preference: random
     0 | D:1      | 0 ||| qw: Goals: Normal
     0 | D:1      | 0 ||| PLANNING D:1-11
    37 | D:1      | You fall into a shaft and drop 1 floor!
    48 | D:2      | Reached skill level 6 in Ranged Weapons
    48 | D:2      | Reached XP level 2. HP: 10/16 MP: 4/4
   188 | D:2      | 188 ||| UPGRADING to +0 ring mail.
   198 | D:2      | 198 ||| DROPPING +0 leather armour.
   199 | D:2      | 199 ||| DROPPING scroll of butterflies.
   268 | D:1      | Reached XP level 3. HP: 20/20 MP: 5/5
   351 | D:1      | Reached skill level 7 in Ranged Weapons
  1180 | D:2      | 1180 ||| RETREEEEATING.
  1182 | D:2      | 1182 ||| RETREEEEATING.
  1183 | D:2      | 1183 ||| RETREEEEATING.
  1184 | D:2      | 1184 ||| RETREEEEATING.
  1188 | D:2      | 1188 ||| RETREEEEATING.
  1190 | D:2      | HP: 4/20 [gnoll/+0 spear (7)]
  1190 | D:2      | Slain by a gnoll

Levels and vault maps discovered:
D:1:      psy_arrival_conway, layout_loops_ring
D:2:      layout_basic

Skill      XL: |  1  2  3 |
---------------+----------+-----
Ranged Weapons | 6 7 |  7.4
Fighting       | |  1.5
Dodging        | |  2.4
Stealth        | |  1.2

Action                     || total
---------------------------++-------
   Fire: Shortbow          ||    92
 Armour: Leather armour    ||     2
         Ring mail         ||    33
  Dodge: Dodged            ||    35

Table legend:
 A = Non-vault XP
 B = Vault XP
 C = Vault XP percentage of total XP
 D = Non-vault monster count
 E = Vault monster count
 F = Vault count percentage of total count
                 A         B        C        D         E       F
            +---------+---------+-------+---------+---------+-------
      Total |      96 |       0 |   0.0 |      40 |       0 |   0.0
            +---------+---------+-------+---------+---------+-------
        D:1 |      60 |       0 |   0.0 |      25 |       0 |   0.0
        D:2 |      36 |       0 |   0.0 |      15 |       0 |   0.0
            +---------+---------+-------+---------+---------+-------
